 Dungeon Crawl Stone Soup version 0.21-a0-538-gd16b88a (webtiles) character file.

28827 Amnesiac the Eclecticist (level 13, -2/74 HPs)
             Began as a Deep Elf Wizard on Dec 16, 2017.
             Was a High Priest of Sif Muna.
             Killed by divine providence
             ... invoked by a smoke demon
             ... summoned by a kobold demonologist
              (16 damage)
             ... on level 14 of the Dungeon.
             The game lasted 01:00:55 (18998 turns).

Amnesiac the Eclecticist (Deep Elf Wizard)         Turns: 18998, Time: 01:00:56

Health: -2/74      AC: 15    Str:  4    XL:     13   Next: 11%
Magic:  22/36      EV: 16    Int: 32    God:    Sif Muna [*****.]
Gold:   1246       SH: 13    Dex: 17    Spells: 8/46 levels left

rFire    + + .     SeeInvis .   b - +5 morningstar "Lifebane" {crush, rElec}
rCold    . . .     Gourm    .   r - +1 buckler
rNeg     . . .     Faith    .   Y - +0 steam dragon scales
rPois    .         Spirit   .   T - +1 hat {Int+3}
rElec    +         Reflect  +   R - +2 cloak
rCorr    .         Harm     .   e - +2 pair of gloves
MR       +....                  E - +2 pair of boots
Stlth    ++........             L - amulet of Dauci {Reflect rF++ SH+3}
HPRegen  0.22/turn              A - ring of wizardry
MPRegen  0.25/turn              J - +4 ring of dexterity

@: divine energy
A: large bone plates 1, mutation resistance 1
a: Stop Divine Energy, Channel Magic, Forget Spell, Renounce Religion


You were on level 14 of the Dungeon.
You worshipped Sif Muna.
Sif Muna was extremely pleased with you.
You were not hungry.

You visited 1 branch of the dungeon, and saw 14 of its levels.
You also visited: Ossuary and Bailey.

You collected 1246 gold pieces.

Inventory:

Hand Weapons
 b - the +5 morningstar "Lifebane" (weapon) {crush, rElec}
   (You found it on level 6 of the Dungeon)

   It inflicts extra damage upon your enemies.
   It insulates you from electricity.
 C - the +9 shortbow of Dominance {flame, rF++}
   (You found it on level 4 of the Dungeon)

   It causes projectiles fired from it to burn those they strike, causing extra
   injury to most foes and up to half again as much damage against particularly
   susceptible opponents.
   It greatly protects you from fire.
 N - a +0 blowgun
Missiles
 k - 114 poisoned needles
 o - 247 arrows
 G - 2 throwing nets (quivered)
Armour
 e - a +2 pair of gloves (worn)
 r - a +1 buckler (worn)
 v - a scarf of spirit shield
 y - a +1 robe of cold resistance
 E - a +2 pair of boots (worn)
 R - a +2 cloak (worn)
 T - a +1 hat of intelligence (worn)
 Y - +0 steam dragon scales (worn)
Jewellery
 i - an uncursed ring of resist corrosion
 t - an uncursed ring of protection from cold
 x - a +3 ring of intelligence
 A - a ring of wizardry (left hand)
 J - a +4 ring of dexterity (right hand)
 L - the amulet of Dauci (around neck) {Reflect rF++ SH+3}
   (You found it on level 6 of the Dungeon)

   [amulet of reflection]

   It shields you and reflects attacks.
   It greatly protects you from fire.
   It affects your SH (+3).
Wands
 a - a wand of paralysis (16)
 F - a wand of acid (11)
Scrolls
 g - 6 scrolls of magic mapping {!r}
 h - 7 scrolls of remove curse {!r}
 H - 5 scrolls of teleportation {!r}
 O - a scroll of amnesia {!r}
 P - 11 scrolls of identify {!r}
 Q - a scroll of fear {!r}
 V - 3 scrolls of fog {!r}
 W - a scroll of vulnerability {!r}
Potions
 c - a potion of lignification {!q}
 l - a potion of brilliance {!q}
 m - 2 potions of heal wounds {!q}
 n - 5 potions of agility {!q}
 p - 3 potions of cancellation {!q}
 q - a potion of berserk rage {!q}
 s - 2 potions of curing {!q}
 u - 2 potions of might {!q}
 z - a potion of invisibility {!q}
 D - a potion of haste {!q}
 K - 3 potions of flight {!q}
Miscellaneous
 U - a phantom mirror
Comestibles
 d - 5 bread rations
 f - 4 royal jellies
 j - 8 meat rations
 I - 30 fruits


   Skills:
 - Level 6.0 Fighting
 - Level 6.0 Dodging
 - Level 2.4 Stealth
 - Level 4.0 Shields
 - Level 17.0 Spellcasting
 + Level 11.5 Conjurations
   Level 1.1 Summonings
 - Level 1.1 Translocations
 + Level 11.5 Ice Magic


You had 8 spell levels left.
You knew the following spells:

 Your Spells              Type           Power        Failure   Level  Hunger
a - Throw Icicle          Conj/Ice       #######.     1%          4    None
b - Metabolic Englaciati  Hex/Ice        ######....   1%          5    None
c - Glaciate              Conj/Ice       #######...   97%         9    #######
d - Fireball              Conj/Fire      ######....   1%          5    None
e - Mephitic Cloud        Conj/Pois/Air  ######..     1%          3    None
f - Fulminant Prism       Conj/Hex       ######....   1%          4    None
s - Conjure Flame         Conj/Fire      ######..     1%          3    None
v - Blink                 Tloc           N/A          1%          2    None
w - Ozocubu's Armour      Chrm/Ice       ######..     1%          3    None


Dungeon Overview and Level Annotations

Branches:
Dungeon (14/15)            Temple (0/1) D:6            Lair (0/6) D:8
    Orc (0/2) D:12         Vaults (0/5) D:13

Altars:
Ashenzari
Cheibriados
Dithmenos
Elyvilon
Fedhas
Gozag
Hepliaklqana
Kikubaaqudgha
Nemelex Xobeh
Ru
Sif Muna
Uskayaw
Vehumet
Xom
Beogh

Shops:
D:4 ?   D:6 %   D:12 [


Innate Abilities, Weirdness & Mutations

You are partially covered in large bone plates. (SH +4)
You are somewhat resistant to further mutation.


Message History

You can't see any susceptible monsters within range! (Use Z to cast anyway.)
You see here a hornet corpse.
A kobold demonologist comes into view. It is wielding a dagger.
The kobold demonologist looks encouraged for a moment.
The kobold demonologist drinks a potion.
The kobold demonologist seems to speed up.
Casting: Throw Icicle
Confirm with . or Enter, or press ? or * to list all spells.
You can't see any susceptible monsters within range! (Use Z to cast anyway.)
The kobold demonologist reads a scroll.
Wisps of shadow swirl around the kobold demonologist.
Casting: Throw Icicle
Confirm with . or Enter, or press ? or * to list all spells.
Aiming: Throw Icicle
Press: ? - help, Shift-Dir - straight line, f - white ugly thing
Aim: a white ugly thing (hasn't noticed you, summoned)
Okay, then.
Unknown command.
Wield which item (- for none, * to show all)? (? for menu, Esc to quit)
Okay, then.
Put on which piece of jewellery? (? for menu, Esc to quit)
Okay, then.
Unknown command.
Casting: Throw Icicle
Confirm with . or Enter, or press ? or * to list all spells.
You radiate an aura of cold.
The white ugly thing is unaffected. x3
The orc knight seems to slow down.
The white ugly thing is unaffected.
The orc seems to slow down.
The warg seems to slow down.
The kobold demonologist seems to slow down.
The orc seems to slow down.
The white ugly thing is unaffected.
The ogre seems to slow down.
The white ugly thing is unaffected.
The orc wizard seems to slow down.
You block the white ugly thing's attack.
The orc wizard casts a spell.
The orc wizard flickers and vanishes!
Deactivating autopickup; reactivate with Ctrl-A.
You see here a hornet corpse.
You block the white ugly thing's attack.
The kobold demonologist looks braver for a moment.
The white ugly thing closely misses you.
Casting: Metabolic Englaciation
Confirm with . or Enter, or press ? or * to list all spells.
Aiming: Conjure Flame
Press: ? - help, Dir - move target cursor The fire ignites!
The white ugly thing punches you. The white ugly thing freezes you!!
Okay, then.
The white ugly thing is engulfed in blazing flames.
The white ugly thing punches you!
* * * LOW HITPOINT WARNING * * *
The white ugly thing freezes you!
* * * LOW HITPOINT WARNING * * *
The white ugly thing is engulfed in blazing flames.
Okay, then.
Really read
Q - 2 scrolls of fear {!r}?
As you read the scroll of fear {!r}, it crumbles to dust.
You assume a fearsome visage.
The white ugly thing looks frightened! x2
The kobold demonologist easily resists.
The white ugly thing dissolves into shadows! x2
The kobold demonologist casts a spell.
The white ugly thing dissolves into shadows!
The kobold demonologist casts a spell.
The smoke demon gestures at you. Something smites you!
You die...

.....# #.....#
#......#####. .....#
#.<...# #.....## #.
##....# ##...)###.....#
## ###...#
#.....##....## # #
###..# #...)(......# #
#..# #........#..# .
#...# ##....####... ..
....# ##.)###
.....##..@## .# #
...........## ..######
...........### ........
#............###
........
##..........5.##....####
######........##K.5..##
# ............#####3..##
# ..........### ##..# ##
#........## #ยง.# #.


You could see a kobold demonologist, a smoke demon, a crimson imp and an
ufetubus.

Vanquished Creatures
  Rupert (D:13)
  Gastronok (D:8)
  An entropy weaver (shapeshifter) (D:13)
  Nessos (D:13)
  A hydra (D:11)
  A centaur warrior (D:13)
  3 two-headed ogres
  The ghost of mortelune the Cleaver, a novice FoAK of Lugonu (Bailey)
  Urug (D:13)
  Pikel (D:7)
  An orc knight (Bailey)
  2 ugly things
  Maurice (D:9)
  A cyclops (D:14)
  A centaur zombie (D:10)
  The ghost of mortelune the Conjurer, a novice DrFE (Ossuary)
  A komodo dragon (D:11)
  An efreet (D:14)
  2 kobold demonologists
  A troll (D:9)
  A hornet (D:14)
  A hippogriff (D:12)
  Prince Ribbit (D:8)
  A wyvern (D:8)
  15 yaks
  16 humans
  A steam dragon (D:10)
  A basilisk (D:8)
  A hungry ghost (D:9)
  3 vampire mosquitoes (D:12)
  A soldier ant (D:13)
  A naga (shapeshifter) (D:13)
  4 porcupines (D:8)
  3 ice beasts
  14 orc warriors
  A slave (D:7)
  A hornet zombie (D:13)
  5 ogres
  4 phantoms
  10 centaurs
  5 crocodiles (D:8)
  3 big kobolds
  8 bullfrogs
  A gnoll sergeant (D:13)
  4 scorpions
  A wyvern skeleton (D:13)
  11 killer bees
  4 wights (D:14)
  5 howler monkeys
  3 electric eels (D:13)
  4 crimson imps
  5 hounds
  2 quasits
  4 bullfrog zombies
  5 jellies
  A gnoll shaman (D:5)
  8 orc priests
  3 bullfrog skeletons
  4 centaur skeletons
  5 iguanas
  Terence (D:2)
  19 orc wizards
  9 worker ants
  7 big kobold zombies (Ossuary)
  2 hound skeletons
  A mummy (Ossuary)
  3 worker ant zombies
  Robin (D:3)
  19 gnolls
  A howler monkey skeleton (D:5)
  19 adders
  A shadow imp (D:5)
  An ooze (D:1)
  An adder skeleton (D:6)
  2 worms
  5 dart slugs
  9 leopard geckos
  65 orcs
  5 spectral bats (Ossuary)
  5 ball pythons
  7 bats
  7 giant cockroaches
  20 goblins
  13 hobgoblins
  8 jackals
  3 quokkas
  4 bat simulacra (Ossuary)
  7 frilled lizards
  5 gnoll zombies (Ossuary)
  A goblin simulacrum (Ossuary)
  5 goblin zombies (Ossuary)
  3 hobgoblin zombies (Ossuary)
  37 kobolds
  4 kobold simulacra (Ossuary)
  4 kobold zombies (Ossuary)
  6 orc zombies (Ossuary)
  3 rats
  2 rat simulacra (Ossuary)
  3 spectral goblins (Ossuary)
  4 spectral kobolds (Ossuary)
  3 spectral rats (Ossuary)
  A fungus (D:6)
  2 plants
523 creatures vanquished.

Vanquished Creatures (collateral kills)
  3 killer bees (D:10)
  An orc wizard (D:10)
4 creatures vanquished.

Vanquished Creatures (others)
  A centaur (D:14)
  An orc wizard (D:8)
  2 kobolds (Bailey)
  A fungus (D:8)
  10 plants
15 creatures vanquished.

Grand Total: 542 creatures vanquished

Notes
Turn   | Place    | Note
-------+----------+-------------------------------------------
     0 | D:1      | Amnesiac the Deep Elf Wizard began the quest for the Orb.
     0 | D:1      | Reached XP level 1. HP: 10/10 MP: 7/7
   357 | D:1      | Reached XP level 2. HP: 15/15 MP: 4/9
   383 | D:1      | Learned a level 2 spell: Blink
   578 | D:1      | Reached XP level 3. HP: 12/19 MP: 0/11
  1168 | D:2      | Learned a level 3 spell: Mephitic Cloud
  1172 | D:2      | Learned a level 3 spell: Conjure Flame
  1263 | D:2      | Reached XP level 4. HP: 21/24 MP: 2/12
  1339 | D:2      | Found a hide-covered altar of Uskayaw.
  1575 | D:2      | Reached skill level 1 in Shields
  1712 | D:2      | Found a sparkling altar of Nemelex Xobeh.
  1789 | D:2      | Noticed Terence
  1965 | D:2      | Killed Terence
  1965 | D:2      | Reached XP level 5. HP: 28/28 MP: 4/13
  2182 | D:3      | Found a snail-covered altar of Cheibriados.
  2407 | D:3      | Noticed Robin
  2430 | D:3      | Killed Robin
  3070 | D:4      | Reached XP level 6. HP: 32/32 MP: 9/14
  3514 | D:4      | Reached XP level 7. HP: 36/40 MP: 10/15
  3535 | D:4      | Got a crude shortbow
  3544 | D:4      | Identified the +9 shortbow of Dominance {flame, rF++} (You found it on level 4 of the Dungeon)
  3568 | D:4      | Found a sacrificial altar of Ru.
  3646 | D:4      | Found Peumm's Magic Scroll Boutique.
  3747 | D:4      | Found a sacrificial altar of Ru.
  4227 | D:5      | Entered Level 5 of the Dungeon
  4304 | D:5      | Found a shadowy altar of Dithmenos.
  4935 | D:5      | Reached XP level 8. HP: 47/48 MP: 14/16
  5154 | D:5      | Found a hazy altar of Hepliaklqana.
  5168 | D:5      | Reached skill level 5 in Fighting
  5168 | D:5      | Reached skill level 5 in Dodging
  5814 | D:6      | Found Hutaoq's Food Shoppe.
  6071 | D:5      | Found a shadowy altar of Dithmenos.
  6071 | D:5      | Found a deep blue altar of Sif Muna.
  6082 | D:5      | Became a worshipper of Sif Muna the Loreminder
  6172 | D:6      | Found a staircase to the Ecumenical Temple.
  6406 | D:6      | Reached skill level 5 in Spellcasting
  6422 | D:6      | Got a jewelled morningstar
  6442 | D:6      | Got a faintly glowing lead amulet
  6476 | D:6      | Identified the +5 morningstar "Lifebane" {crush, rElec} (You found it on level 6 of the Dungeon)
  6477 | D:6      | Identified the amulet of Dauci {Reflect rF++ SH+3} (You found it on level 6 of the Dungeon)
  6900 | D:7      | Noticed Pikel
  6918 | D:7      | Killed Pikel
  6918 | D:7      | Reached skill level 8 in Spellcasting
  6918 | D:7      | Reached XP level 9. HP: 55/55 MP: 7/23
  7011 | D:7      | Found an ancient bone altar of Kikubaaqudgha.
  7011 | D:7      | Found a radiant altar of Vehumet.
  7011 | D:7      | Found an opulent altar of Gozag.
  7011 | D:7      | Found a white marble altar of Elyvilon.
  7011 | D:7      | Found a shattered altar of Ashenzari.
  7136 | D:7      | Reached * piety under Sif Muna
  7752 | D:8      | Reached skill level 9 in Spellcasting
  7766 | D:8      | Noticed Prince Ribbit
  7801 | D:7      | Reached skill level 10 in Spellcasting
  8090 | D:8      | Killed Prince Ribbit
  8090 | D:8      | Reached ** piety under Sif Muna
  8090 | D:8      | Reached skill level 11 in Spellcasting
  8136 | D:8      | Reached skill level 12 in Spellcasting
  8301 | D:8      | Reached XP level 10. HP: 16/60 MP: 28/28
  8365 | D:8      | Found a sand-covered staircase.
  8385 | Ossuary  | Entered an ossuary
  8708 | Ossuary  | Reached *** piety under Sif Muna
  8785 | Ossuary  | Noticed mortelune's ghost (novice DrFE)
  8833 | Ossuary  | Killed mortelune's ghost
  8833 | Ossuary  | Reached skill level 13 in Spellcasting
  9177 | D:8      | Found a staircase to the Lair.
  9374 | D:8      | Found a shimmering altar of Xom.
  9877 | D:9      | Noticed Maurice
  9895 | D:9      | Killed Maurice
  9895 | D:9      | Reached **** piety under Sif Muna
  9951 | D:9      | HP: 2/60 [iguana (11)]
 10262 | D:8      | Reached skill level 14 in Spellcasting
 10437 | D:9      | Noticed Gastronok
 10880 | D:9      | Found a blossoming altar of Fedhas.
 11277 | D:8      | Killed Gastronok
 11277 | D:8      | Reached ***** piety under Sif Muna
 11277 | D:8      | Reached skill level 16 in Spellcasting
 11365 | D:10     | Entered Level 10 of the Dungeon
 11393 | D:10     | Noticed a two-headed ogre
 11425 | D:10     | Killed a two-headed ogre
 11425 | D:10     | Identified Sif Muna's Tome of Dark Rites and the Glacier (Sif Muna gifted it to you on level 10 of the Dungeon)
 11425 | D:10     | Received a gift from Sif Muna
 11425 | D:10     | Reached XP level 11. HP: 64/64 MP: 19/33
 11431 | D:10     | Learned a level 3 spell: Ozocubu's Armour
 11441 | D:10     | Learned a level 9 spell: Glaciate
 11618 | D:10     | Reached skill level 1 in Ice Magic
 11861 | D:10     | Found a flagged portal.
 11896 | Bailey   | Entered a bailey
 11906 | Bailey   | Noticed mortelune's ghost (novice FoAK)
 11931 | Bailey   | Killed mortelune's ghost
 12097 | Bailey   | Noticed an orc knight
 12115 | Bailey   | Killed an orc knight
 12179 | Bailey   | Reached skill level 17 in Spellcasting
 12233 | Bailey   | Found a burning altar of Makhleb.
 12921 | D:11     | Reached skill level 5 in Conjurations
 12921 | D:11     | Reached skill level 5 in Ice Magic
 13362 | D:11     | Noticed a five-headed hydra
 13373 | D:11     | Killed a five-headed hydra
 13515 | D:11     | Learned a level 5 spell: Metabolic Englaciation
 14248 | D:12     | Found Cusiukem's Antique Armour Boutique.
 14258 | D:12     | Noticed a white ugly thing
 14265 | D:12     | Killed a white ugly thing
 14525 | D:12     | Found a sparkling altar of Nemelex Xobeh.
 14892 | D:12     | Received a gift from Sif Muna
 14903 | D:12     | Learned a level 4 spell: Fulminant Prism
 14938 | D:12     | Found a staircase to the Orcish Mines.
 14953 | D:12     | Learned a level 5 spell: Fireball
 15053 | D:13     | Identified a paperback manual
 15053 | D:13     | Found a gate to the Vaults.
 15053 | D:13     | Noticed Urug
 15053 | D:13     | Noticed Rupert
 15053 | D:13     | Noticed Nessos
 15121 | D:13     | Found a roughly hewn altar of Beogh.
 15508 | D:12     | Reached XP level 12. HP: 38/70 MP: 22/35
 16089 | D:13     | Noticed a centaur warrior
 16094 | D:13     | Killed a centaur warrior
 16098 | D:13     | Killed Nessos
 17119 | D:13     | Noticed an entropy weaver
 17126 | D:13     | Killed an entropy weaver
 17126 | D:13     | Identified Emajauck's Catalogue of Earthen Arcane Weapons (Sif Muna gifted it to you on level 13 of the Dungeon)
 17126 | D:13     | Received a gift from Sif Muna
 17126 | D:13     | Reached skill level 10 in Conjurations
 17126 | D:13     | Reached skill level 10 in Ice Magic
 17199 | D:13     | Paralysed by Rupert for 4 turns
 17248 | D:13     | Gained mutation: You are partially covered in large bone plates. (SH +4) [mutagenic meat]
 17255 | D:13     | Gained mutation: You are somewhat resistant to further mutation. [mutagenic meat]
 17491 | D:13     | Paralysed by Rupert for 7 turns
 17498 | D:13     | HP: 1/70 [Rupert/great mace of draining (10)]
 17736 | D:13     | Learned a level 4 spell: Throw Icicle
 17751 | D:13     | Killed Urug
 18001 | D:13     | Paralysed by Rupert for 7 turns
 18074 | D:13     | Noticed a two-headed ogre
 18077 | D:13     | Killed a two-headed ogre
 18322 | D:13     | Killed Rupert
 18440 | D:14     | Reached XP level 13. HP: 74/74 MP: 17/36
 18998 | D:14     | Killed from afar by a smoke demon

Vault maps used:
D:1:      dpeg_arrival_court
D:2:      eat_drink_and_be_merry_uskayaw, lemuel_crystal_altar,
          minmay_distorted, uniq_terence
D:3:      cheibriados_altar_1, minmay_misc_feat_four_crosses, uniq_robin
D:4:      nicolae_ru_sacrificial_ziggurat, serial_column_ruins,
          column_ruins_circle_small, column_ruins_temple_hut,
          column_ruins_open_tiny, column_ruins_grid_1,
          column_ruins_corridor_dead_end, column_ruins_columns_corner,
          serial_shops, shop_fountains
D:5:      nicolae_overflow_hidden_temple, first_bread, grunt_dithmenos_smoke
D:6:      minmay_temple_entry_statues_pillars, serial_shops,
          nicolae_shop_temple_entry_statues_fountains, minmay_gold_behind_fungi
D:7:      grunt_temple_overflow_open, uniq_pikel
D:8:      lemuel_doored_altar, minmay_lair_entry_grove,
          nicolae_ossuary_entry_ruins, blue_anna_alchemist,
          minmay_misc_feat_ornament, uniq_prince_ribbit1
D:9:      serial_park_tiny_1, fedhas_altar_4, uniq_maurice, uniq_gastronok
D:10:     enter_bailey_2, hangedman_decor_points
D:12:     orc_0_dummy, serial_shops, nicolae_shop_crystal,
          nemelex_diamond_rough_becter
D:13:     david_vaults_3, serial_bayou, serial_bayou_crossing,
          serial_bayou_pond_d, serial_bayou_pond_a, serial_bayou_pond_a,
          special_room, hangedman_abyss_or_decor_clamps
D:14:     serial_shops, shop, shop, shop
Ossuary:  ossuary_zaba_two_paths
Bailey:   bailey_axe_3, bailey

Skill      XL: |  1  2  3  4  5  6  7  8  9 10 11 12 |
---------------+-------------------------------------+-----
Conjurations   | 2 3 4 7 11 | 11.5
Shields        | 2 3 4 |  4.0
Fighting       | 2 4 6 |  6.0
Dodging        | 4 6 |  6.0
Spellcasting   | 8 12 16 17 | 17.0
Ice Magic      | 7 11 | 11.5
Stealth        | |  2.4
Summonings     | |  1.1
Translocations | |  1.1

Action                   |  1- 3 |  4- 6 |  7- 9 | 10-12 | 13-15 || total
-------------------------+-------+-------+-------+-------+-------++-------
Melee: Unarmed           |    20 |       |       |       |       ||    20
       Dagger            |       |    32 |       |     2 |       ||    34
       Trident           |       |       |   149 |       |       ||   149
       Morningstar       |       |       |    33 |    17 |       ||    50
       Whip              |       |       |   104 |   620 |       ||   724
 Fire: Blowgun           |       |       |       |    17 |       ||    17
       Shortbow          |       |       |       |   325 |       ||   325
 Cast: Magic Dart        |    84 |   174 |   202 |       |       ||   460
       Blink             |     1 |     1 |     6 |    13 |       ||    21
       Mephitic Cloud    |       |     3 |    25 |    42 |       ||    70
       Conjure Flame     |       |       |     8 |    45 |     1 ||    54
       Metabolic Englaci |       |       |       |    52 |     1 ||    53
       Ozocubu's Armour  |       |       |       |     5 |       ||     5
       Fireball          |       |       |       |    44 |       ||    44
       Throw Icicle      |       |       |       |    25 |    29 ||    54
Invok: Divine Energy     |       |       |       |     1 |       ||     1
  Use: Scroll            |       |       |    12 |    13 |     2 ||    27
       Potion            |       |       |     7 |     6 |       ||    13
 Stab: Confused          |       |     5 |    12 |    10 |       ||    27
       Sleeping          |       |       |     3 |    10 |       ||    13
       Fleeing           |       |       |     1 |       |       ||     1
       Distracted        |       |       |       |     1 |       ||     1
  Eat: Chunk             |     1 |     7 |    13 |    27 |       ||    48
       Fruit             |       |       |     3 |     2 |       ||     5
       Meat ration       |       |       |       |     1 |       ||     1
       Royal jelly       |       |       |       |     1 |       ||     1
       Bread ration      |       |       |       |     1 |       ||     1
Armor: Robe              |    13 |     3 |    49 |   133 |       ||   198
       Skin              |       |       |     1 |     2 |       ||     3
       Steam dragon scal |       |       |       |    70 |     4 ||    74
Dodge: Dodged            |    40 |    15 |   167 |   524 |     6 ||   752
Block: Buckler           |       |     1 |    71 |   247 |    17 ||   336
       Reflection        |       |       |       |    22 |    15 ||    37
       Other             |       |       |       |    29 |       ||    29

Table legend:
 A = Spawn XP
 B = Non-spawn XP
 C = Spawn XP percentage of total XP
 D = Spawn monster count
 E = Non-spawn monster count
 F = Spawn count percentage of total count
 G = Total turns spent on level
                    A         B        C        D         E        F      G
               +---------+---------+-------+---------+---------+-------+---------
         Total |       0 |   41182 |   0.0 |       0 |     527 |   0.0 | 18998
               +---------+---------+-------+---------+---------+-------+---------
           D:1 |       0 |      69 |   0.0 |       0 |      27 |   0.0 |  1087
           D:2 |       0 |     159 |   0.0 |       0 |      31 |   0.0 |  1022
           D:3 |       0 |     100 |   0.0 |       0 |      33 |   0.0 |   909
           D:4 |       0 |     672 |   0.0 |       0 |      23 |   0.0 |  1209
           D:5 |       0 |    1041 |   0.0 |       0 |      38 |   0.0 |  1560
           D:6 |       0 |     337 |   0.0 |       0 |      19 |   0.0 |   944
           D:7 |       0 |    1087 |   0.0 |       0 |      10 |   0.0 |  1201
           D:8 |       0 |    5216 |   0.0 |       0 |      38 |   0.0 |  1929
           D:9 |       0 |    1429 |   0.0 |       0 |      20 |   0.0 |   724
          D:10 |       0 |    2721 |   0.0 |       0 |      40 |   0.0 |  1228
          D:11 |       0 |    3186 |   0.0 |       0 |      37 |   0.0 |  1189
          D:12 |       0 |    5354 |   0.0 |       0 |      48 |   0.0 |  1868
          D:13 |       0 |   13809 |   0.0 |       0 |      68 |   0.0 |  2513
          D:14 |       0 |    3560 |   0.0 |       0 |      20 |   0.0 |   433
       Ossuary |       0 |     646 |   0.0 |       0 |      58 |   0.0 |   780
        Bailey |       0 |    1796 |   0.0 |       0 |      17 |   0.0 |   402
               +---------+---------+-------+---------+---------+-------+---------
